 Dungeon Crawl Stone Soup version 0.22-a0-305-gd21a89c (webtiles) character file.

41 tilp the Shooter (level 3, -1/43 HPs)
             Began as a Centaur Hunter on Mar 30, 2018.
             Slain by a quokka (2 damage)
             ... on level 2 of the Dungeon.
             The game lasted 00:02:39 (1226 turns).

tilp the Shooter (Centaur Hunter)                   Turns: 1226, Time: 00:02:40

Health: -1/43      AC: 21    Str: 15    XL:     3   Next: 32%
Magic:  3/3        EV:  1    Int: 10    God:
Gold:   57         SH:  0    Dex:  9    Spells: 2/2 levels left

rFire    . . .     SeeInvis .   a - +1 shortbow
rCold    . . .     Gourm    .   (shield currently unavailable)
rNeg     + + +     Faith    .   (armour currently unavailable)
rPois    +         Spirit   .   (helmet currently unavailable)
rElec    .         Reflect  .   (cloak currently unavailable)
rCorr    .         Harm     .   (gloves currently unavailable)
MR       .....     NoTele   +   (no barding)
Stlth    +.........             (no amulet)
HPRegen  0.14/turn              (no ring)
MPRegen  0.08/turn              (no ring)

@: lethally poisoned (-1 -> -3), tree-form
A: large
a: no special abilities


You were on level 2 of the Dungeon.
You were hungry.
You were a tree.
You visited 1 branch of the dungeon, and saw 2 of its levels.

You collected 57 gold pieces.

Inventory:

Hand Weapons
 a - a +1 shortbow (weapon)
 b - a +0 short sword
Missiles
 d - 10 arrows (quivered)
Armour
 c - a +0 leather armour (melded)
Jewellery
 o - an uncursed ring of poison resistance {unknown}
Scrolls
 i - a scroll of random uselessness {unknown}
 l - a scroll of remove curse {unknown}
 m - a scroll of identify {unknown}
 n - a scroll of blinking {unknown}
Potions
 e - a potion of might {unknown}
 h - a potion of lignification
 j - a potion of curing {unknown}
 k - a potion of resistance
 p - a potion of brilliance {unknown}
Comestibles
 f - 4 rations
 g - 4 chunks of flesh


   Skills:
 - Level 2.0 Fighting
 + Level 6.9 Bows
 - Level 1.3 Dodging
 - Level 0.4 Stealth


You had 2 spell levels left.
You didn't know any spells.

Dungeon Overview and Level Annotations

Branches:
Dungeon (2/15)

Altars:

Annotations:
D:2 Natasha


Innate Abilities, Weirdness & Mutations

((You have hooves in place of feet.))
((Armour fits poorly on your strangely shaped body.))
((You cover ground very quickly.))
((You have extremely tough skin. (AC +3)))


Message History

You shoot an arrow. The arrow misses the adder.
The arrow hits the quokka.
The quokka is almost dead.
* * * LOW HITPOINT WARNING * * *
You feel sick. The adder bites you.
* * * LOW HITPOINT WARNING * * *
Unknown command.
Firing (i - inventory)
d - 11 arrows (quivered)
Press: ? - help, Shift-Dir - straight line, f/p - adder
Aim: an adder (almost dead)
You shoot an arrow. The arrow hits the adder.
You kill the adder!
Unknown command.
It was a potion of lignification.
You turn into a tree.
Your +0 leather armour melds into your body.
Your roots penetrate the ground.
The quokka bites you but does no damage.
Natasha mumbles some strange words.
Natasha's front paws start to glow.
The quokka bites you.
You die... s.##. ..#.. .. #.#.. oh.

.... #.## ..# #l..#
#.# .....
##h########.# ..#
#5l(lKsrā™£...#
h########.K##########
......ll...#
....K..K...#
############


You could see Natasha, a crimson imp, a leopard gecko, a quokka, a giant
cockroach, 2 kobolds and a frilled lizard.

Vanquished Creatures
  An adder (D:2)
  2 dart slugs (D:1)
  2 giant cockroaches (D:1)
  3 goblins (D:1)
  5 hobgoblins (D:1)
  3 kobolds (D:1)
  A ball python (D:1)
  3 bats
  3 frilled lizards (D:1)
  5 rats (D:1)
  A plant (D:1)
29 creatures vanquished.

Notes
Turn   | Place    | Note
-------+----------+-------------------------------------------
     0 | D:1      | tilp the Centaur Hunter began the quest for the Orb.
     0 | D:1      | Reached XP level 1. HP: 17/17 MP: 1/1
   512 | D:1      | Reached XP level 2. HP: 24/24 MP: 2/2
   564 | D:1      | Reached skill level 6 in Bows
   969 | D:1      | Reached XP level 3. HP: 27/29 MP: 3/3
  1200 | D:2      | Noticed Natasha
  1224 | D:2      | HP: 1/29 [adder (4)]
  1226 | D:2      | Slain by a quokka

Vault maps used:
D:1:      roderic_crop_circles_arrival_small, roderic_serpentine_path
D:2:      kiku_gazebo_garden_becter, old_standard_altar, minmay_three_crescents,
          uniq_robin, uniq_natasha, uniq_terence

Skill      XL: |  1  2 |
---------------+-------+-----
Bows           | 6 |  6.9
Fighting       | |  2.0
Dodging        | |  1.3
Stealth        | |  0.4

Action                   || total
-------------------------++-------
Melee: Short sword       ||   104
       Kick              ||    30
 Fire: Shortbow          ||    10
  Use: Potion            ||     1
Armor: Leather armour    ||    38
       Skin              ||     1
Dodge: Dodged            ||    38

Table legend:
 A = Spawn XP
 B = Non-spawn XP
 C = Spawn XP percentage of total XP
 D = Spawn monster count
 E = Non-spawn monster count
 F = Spawn count percentage of total count
 G = Total turns spent on level
                    A         B        C        D         E        F      G
               +---------+---------+-------+---------+---------+-------+---------
         Total |       0 |      59 |   0.0 |       0 |      28 |   0.0 |  1226
               +---------+---------+-------+---------+---------+-------+---------
           D:1 |       0 |      45 |   0.0 |       0 |      26 |   0.0 |  1187
           D:2 |       0 |      14 |   0.0 |       0 |       2 |   0.0 |    39
               +---------+---------+-------+---------+---------+-------+---------
